 Dungeon Crawl Stone Soup version 0.28.0-53-g5a82cb258f (webtiles) character file.

Game seed: 1659506632468730099

6059 jjjjhere the Thaumaturge (level 11, -15/54 HPs)
             Began as a Kobold Conjurer on Oct 4, 2022.
             Was a Follower of Sif Muna.
             Demolished by a four-headed hydra (16 damage)
             ... on level 9 of the Dungeon.
             The game lasted 00:17:12 (13107 turns).

jjjjhere the Thaumaturge (Kobold Conjurer)         Turns: 13107, Time: 00:17:13

Health: -15/54     AC:  2    Str:  5    XL:     11   Next: 11%
Magic:  24/24      EV: 15    Int: 24    God:    Sif Muna [*.....]
Gold:   397        SH:  0    Dex: 17    Spells: 3/28 levels left

rFire   + . .      SeeInvis +   b - staff of fire
rCold   . . .      Faith    .   (shield currently unavailable)
rNeg    + . .      Spirit   .   G - +0 robe of Forking Paths {rN+ Dex+4 Stlth+}
rPois   .          Reflect  .   (no helmet)
rElec   .          Harm     .   (no cloak)
rCorr   .          Rampage  .   (no gloves)
Will    .....                   (no boots)
Stlth   +++++.....              (no amulet)
HPRegen 0.18/turn               d - ring of flight
MPRegen 0.19/turn               e - ring of see invisible

@: flying
A: small, no large weapons, nightstalker 3
a: Renounce Religion, Channel Magic


You were on level 9 of the Dungeon.
You worshipped Sif Muna.
Sif Muna was aware of your devotion.
You visited 1 branch of the dungeon, and saw 9 of its levels.

You collected 397 gold pieces.

Inventory:

Hand Weapons
 a - a +1 hunting sling of freezing
 h - a +0 dagger
 m - the +7 mace of Yffex {vorpal, Str+6}
   (You found it on level 2 of the Dungeon)

   It inflicts extra damage upon your enemies.
   Str:       It affects your strength (+6).
Missiles
 g - 87 sling bullets
 j - 326 stones
 r - 6 poisoned darts
Armour
 G - the +0 robe of Forking Paths (worn) {rN+ Dex+4 Stlth+}
   (You found it on level 7 of the Dungeon)

   Dex:       It affects your dexterity (+4).
   rN:        It protects you from negative energy.
   Stlth:     It makes you more stealthy.
Magical Staves
 b - a staff of fire (weapon)
 H - a staff of conjuration
Jewellery
 d - a ring of flight (left hand)
 e - a ring of see invisible (right hand)
 l - an amulet of guardian spirit
 w - a +6 ring of strength
Wands
 s - a wand of flame (44)
 v - a wand of polymorph (6)
 I - a wand of acid (3)
Scrolls
 c - a scroll of amnesia {unknown}
 o - a scroll of enchant armour {unknown}
 q - a scroll of noise {unknown}
 x - a scroll of immolation
 y - a scroll of blinking {unknown}
 A - a scroll of magic mapping {unknown}
 C - 2 scrolls of enchant weapon
 D - a scroll of holy word {unknown}
 L - a scroll of teleportation {unknown}
Potions
 f - a potion of berserk rage {unknown}
 k - 2 potions of might
 n - 3 potions of lignification
 p - a potion of brilliance {unknown}
 t - 3 potions of curing
 z - a potion of invisibility {unknown}
 B - a potion of magic {unknown}
 E - 3 potions of mutation {unknown}
 F - a potion of haste {unknown}
 J - a potion of resistance {unknown}
 K - a potion of flight {unknown}


   Skills:
 + Level 3.3 Staves
 - Level 2.4 Dodging
 - Level 6.2 Stealth
 + Level 9.4 Spellcasting
 - Level 9.1 Conjurations
 - Level 2.1 Hexes
 + Level 8.4 Fire Magic


You had 3 spell levels left.
You knew the following spells:

 Your Spells              Type           Power      Damage    Failure   Level
a - Magic Dart            Conj           100%       1d8       1%          1
b - Searing Ray           Conj           100%       2d8       1%          2
c - Fulminant Prism       Conj/Hex       19%        3d11      5%          4
d - Fireball              Conj/Fire      34%        3d14      4%          5
e - Sticky Flame          Conj/Fire      69%        2d8       1%          4
f - Conjure Flame         Conj/Fire      69%        6-21      1%          3
g - Mephitic Cloud        Conj/Pois/Air  25%        N/A       4%          3
h - Ignite Poison         Fire/Tmut/Pois 37%        N/A       5%          3

Your spell library contained the following spells:

 Spells                   Type           Power      Damage    Failure   Level
 Dazzling Flash           Conj/Hex       76%        N/A       1%          3
 Apportation              Tloc           22%        N/A       5%          1
 Iskenderun's Mystic Bla  Conj/Tloc      33%        2d8       9%          4
 Starburst                Conj/Fire      34%        6d10      24%         6
 Freezing Cloud           Conj/Ice/Air   12%        6-21      41%         5
 Conjure Ball Lightning   Conj/Air       16%        3x3d6     78%         6
 Alistair's Intoxication  Tmut/Pois      7%         N/A       83%         5
 Discord                  Hex            10%        N/A       100%        8
 Disjunction              Tloc           5%         N/A       100%        8
 Ignition                 Fire           33%        3d10      100%        8


Dungeon Overview and Level Annotations

Branches:
Dungeon (9/15)             Temple (0/1) D:4
   Lair: D:8-11         Orc: D:9-12

Altars:
Ashenzari
Elyvilon
Kikubaaqudgha
Qazlal
Ru
Sif Muna
Uskayaw
Wu Jian
Yredelemnul

Shops:
D:8 [


Innate Abilities, Weirdness & Mutations

You are small and have problems with some larger weapons.
You are completely attuned to the shadows.


Message History

Magic restored.
You fly downwards.
The four-headed hydra bites you.
The four-headed hydra barely misses you.
The four-headed hydra bites you.
The four-headed hydra closely misses you.
The four-headed hydra bites you! x3
* * * LOW HITPOINT WARNING * * *
The four-headed hydra closely misses you.
There is a stone staircase leading up, spattered with blood here.
A purple ugly thing comes into view.
As you read the scroll of fear, it crumbles to dust.
You assume a fearsome visage.
The purple ugly thing looks frightened!
The four-headed hydra easily resists.
The four-headed hydra barely misses you.
The four-headed hydra bites you.
* * * LOW HITPOINT WARNING * * *
The four-headed hydra bites you.
* * * LOW HITPOINT WARNING * * *
The four-headed hydra bites you.
* * * LOW HITPOINT WARNING * * *
You feel much better.
The four-headed hydra bites you but does no damage.
The four-headed hydra bites you!
* * * LOW HITPOINT WARNING * * *
The four-headed hydra barely misses you.
The four-headed hydra bites you but does no damage.
You feel much better.
The four-headed hydra barely misses you.
The four-headed hydra bites you!
* * * LOW HITPOINT WARNING * * *
The four-headed hydra closely misses you.
The four-headed hydra barely misses you.
As you read the scroll of fear, it crumbles to dust.
You assume a fearsome visage.
The four-headed hydra resists with almost no effort.
The four-headed hydra bites you!
* * * LOW HITPOINT WARNING * * *
The four-headed hydra bites you!
You die...

#.# ##'## #.# ##[..##
#.###.....# #.##...#...
#.#...###..
##############.'.Y## #Y
###....<.........#...#
#.......[รท.......##...#
#...[..<...D@>...###...
#................# #.
##...............#
###......######...
#...#### #.. #...# #####


You could see a four-headed hydra.

Vanquished Creatures
  Erolcha (D:9)
  A two-headed ogre (D:7)
  A manticore (D:9)
  A kobold demonologist (D:7)
  9 yaks
  2 wyverns (D:9)
  4 water moccasins
  A sky beast (D:7)
  A black bear (D:6)
  2 orc warriors
  4 ogres
  2 centaurs
  A phantom (D:4)
  3 bullfrogs (D:8)
  2 scorpions
  A wyvern skeleton (D:7)
  3 killer bees (D:5)
  A howler monkey (D:6)
  2 centaur zombies
  3 hounds
  5 orc priests
  A centaur skeleton (D:7)
  2 bullfrog skeletons
  Terence (D:3)
  3 iguanas
  5 orc wizards
  A howler monkey skeleton (D:4)
  3 gnolls (D:4)
  6 adders
  A white imp (D:6)
  An ufetubus (D:6)
  3 adder skeletons (D:4)
  A worm (D:2)
  2 dart slugs (D:1)
  12 orcs
  4 bats
  9 endoplasms
  8 goblins
  6 hobgoblins
  2 kobolds
  10 ball pythons
  4 frilled lizards
  3 rats
138 creatures vanquished.

Vanquished Creatures (others)
  A fungus (D:9)
1 creature vanquished.

Grand Total: 139 creatures vanquished

Notes
Turn   | Place    | Note
-------+----------+-------------------------------------------
     0 | D:1      | jjjjhere the Kobold Conjurer began the quest for the Orb.
     0 | D:1      | Reached XP level 1. HP: 10/10 MP: 3/3
   490 | D:1      | Reached XP level 2. HP: 15/15 MP: 3/5
   541 | D:1      | Learned a level 2 spell: Searing Ray
  1440 | D:1      | Reached XP level 3. HP: 14/19 MP: 7/7
  2059 | D:2      | Identified the +7 mace of Yffex {vorpal, Str+6}
  2125 | D:2      | Found a shimmering blue altar of Sif Muna.
  2130 | D:2      | Became a worshipper of Sif Muna the Loreminder
  2720 | D:2      | Reached XP level 4. HP: 24/24 MP: 8/8
  2795 | D:2      | Found a faded altar of an unknown god.
  3301 | D:3      | Noticed Terence
  3310 | D:3      | HP: 7/24 [Terence/+0 trident (5)]
  3312 | D:3      | Killed Terence
  3313 | D:3      | Reached skill level 5 in Stealth
  3313 | D:3      | Reached XP level 5. HP: 8/28 MP: 1/10
  3707 | D:3      | Learned a level 4 spell: Fulminant Prism
  4182 | D:4      | Found a hide-covered altar of Uskayaw.
  4312 | D:4      | Reached skill level 1 in Hexes
  4313 | D:4      | Reached XP level 6. HP: 27/32 MP: 2/11
  4495 | D:4      | Reached * piety under Sif Muna
  4806 | D:4      | Reached skill level 5 in Conjurations
  5167 | D:4      | Learned a level 5 spell: Fireball
  5340 | D:4      | Found a staircase to the Ecumenical Temple.
  5504 | D:5      | Entered Level 5 of the Dungeon
  5526 | D:5      | Reached XP level 7. HP: 32/36 MP: 6/13
  5666 | D:5      | Reached skill level 1 in Fire Magic
  5960 | D:5      | HP: 11/36 [ogre/+0 giant club (25)]
  6218 | D:5      | Found a basalt altar of Yredelemnul.
  6484 | D:5      | Reached XP level 8. HP: 41/41 MP: 11/15
  6623 | D:5      | Reached skill level 5 in Spellcasting
  6624 | D:5      | HP: 12/41 [killer bee (7)]
  6629 | D:5      | HP: 7/61 [poisoned by a killer bee]
  7222 | D:6      | Found a stormy altar of Qazlal.
  7893 | D:6      | Learned a level 4 spell: Sticky Flame
  7897 | D:6      | Found a white marble altar of Elyvilon.
  9204 | D:7      | Reached XP level 9. HP: 45/45 MP: 9/18
  9396 | D:7      | Noticed a kobold demonologist
  9403 | D:7      | Noticed a sun demon
  9404 | D:7      | Killed a kobold demonologist
  9405 | D:7      | Reached skill level 5 in Fire Magic
  9887 | D:7      | Identified the +0 robe of Forking Paths {rN+ Dex+4 Stlth+}
 10232 | D:7      | Found a sacrificial altar of Ru.
 10256 | D:7      | Noticed a two-headed ogre
 10261 | D:7      | Killed a two-headed ogre
 10458 | D:7      | Found an ornate altar of the Wu Jian Council.
 10532 | D:8      | Found an ancient bone altar of Kikubaaqudgha.
 10544 | D:7      | Reached XP level 10. HP: 35/50 MP: 17/21
 10639 | D:7      | Learned a level 3 spell: Conjure Flame
 11137 | D:8      | Found a broken altar of Ashenzari.
 11436 | D:8      | Found Omnenyarph's Armour Boutique.
 11543 | D:8      | Reached ** piety under Sif Muna
 11855 | D:8      | HP: 16/50 [poisoned by an orc priest]
 12381 | D:9      | Reached skill level 1 in Staves
 12440 | D:9      | Learned a level 3 spell: Mephitic Cloud
 12444 | D:9      | Learned a level 3 spell: Ignite Poison
 12611 | D:9      | Noticed Erolcha
 12618 | D:9      | Killed Erolcha
 12659 | D:9      | Noticed a manticore
 12739 | D:9      | Killed a manticore
 12740 | D:9      | Reached XP level 11. HP: 30/54 MP: 7/24
 13005 | D:9      | Noticed a four-headed hydra
 13098 | D:9      | HP: 15/54 [four-headed hydra (9)]
 13101 | D:9      | Noticed a purple ugly thing
 13102 | D:9      | HP: 5/54 [four-headed hydra (5)]
 13102 | D:9      | HP: 1/54 [four-headed hydra (4)]
 13107 | D:9      | HP: 1/54 [four-headed hydra (14)]
 13107 | D:9      | Demolished by a four-headed hydra

Illustrated notes

Levels and vault maps discovered:
D:1:      dpeg_arrival_arbitrary_c, layout_basic
D:2:      layout_loops_ring, basic_altar, shapermc_ecumenical_altar_acropolis
D:3:      layout_loops_ring, uniq_terence
D:4:      layout_rooms, kennysheep_mini_moat, minmay_temple_entry_statues
D:5:      layout_cave_pools, lemuel_tele_altar
D:6:      layout_loops_corners, marbit_many_paths, grunt_qazlal_sundering
D:7:      layout_basic, general_overflow_altar, overflow_temple_1_default
D:8:      layout_rooms, overflow_temple_1_default, ashenzari_altar_1,
          serial_shops, nicolae_take_the_stairs, lightli_corner_chamber
D:9:      minmay_the_grid_3x2 [minmay_the_grid_outer_diamond,
          minmay_the_grid_box_x, minmay_the_grid_eight,
          minmay_the_grid_diamond_grid, minmay_the_grid_pillar_ring,
          minmay_the_grid_prize_four_corners_diamond_b], layout_cross,
          mainiacjoe_overflow_catwalk, david_lair_generic, enter_bailey_5,
          uniq_psyche, uniq_erolcha

Skill      XL: |  1  2  3  4  5  6  7  8  9 10 11 |
---------------+----------------------------------+-----
Stealth        | 3 4 5 6 |  6.2
Spellcasting   | 3 4 6 7 9 |  9.4
Hexes          | 1 2 |  2.1
Conjurations   | 5 6 8 9 |  9.1
Fire Magic     | 2 4 6 8 |  8.4
Staves         | 2 3 |  3.3
Dodging        | |  2.4

Action                   |  1- 3 |  4- 6 |  7- 9 | 10-12 || total
-------------------------+-------+-------+-------+-------++-------
Melee: Mace              |       |     1 |       |       ||     1
       Staff             |       |       |       |    11 ||    11
 Fire: Hunting sling     |    40 |    76 |    22 |       ||   138
 Cast: Magic Dart        |    32 |       |     1 |       ||    33
       Searing Ray       |     3 |    24 |    36 |       ||    63
       Fireball          |       |       |    10 |    31 ||    41
       Sticky Flame      |       |       |     3 |    14 ||    17
       Mephitic Cloud    |       |       |       |     4 ||     4
       Ignite Poison     |       |       |       |     3 ||     3
  Use: Scroll            |       |       |     8 |     2 ||    10
       Potion            |       |       |     2 |     2 ||     4
Armor: Robe              |     2 |     7 |     4 |     3 ||    16
       Skin              |       |       |    10 |       ||    10
Dodge: Dodged            |     7 |    52 |    43 |    29 ||   131
